 Dungeon Crawl Stone Soup version 0.24.0-13-gcf9b3192b9 (webtiles) character file.

Game seed: 17189808972965771404, levelgen mode: deterministic

335 Aviak the Skirmisher (level 6, 0/53 HPs)
             Began as a Draconian Abyssal Knight on Nov 10, 2019.
             Was a Priest of Lugonu.
             Killed by nerve-wracking pain
             ... invoked by a shadow imp
              (13 damage)
             ... on level 5 of the Dungeon.
             The game lasted 00:05:13 (3199 turns).

Aviak the Skirmisher (Draconian Abyssal Knight)     Turns: 3199, Time: 00:05:14

Health: 0/53       AC:  6    Str: 14 (15) XL:     6   Next: 28%
Magic:  8/8        EV: 13    Int: 11 (13) God:    Lugonu [***...]
Gold:   172        SH:  0    Dex: 11      Spells: 5/5 levels left

rFire    + . .     SeeInvis .   a - +1 spear
rCold    + + .     Gourm    .   (no shield)
rNeg     . . .     Faith    .   (armour unavailable)
rPois    .         Spirit   .   h - +0 hat
rElec    .         Reflect  .   o - scarf {rC+ rF+}
rCorr    .         Harm     .   (no gloves)
MR       .....                  (no boots)
Stlth    +.........             (no amulet)
HPRegen  0.17/turn              C - ring of protection from cold
MPRegen  0.11/turn              (no ring)

@: very slightly contaminated, invisible
A: unfitting armour, cold-blooded, AC +6
a: Depart the Abyss, Bend Space, Banish, Renounce Religion


You were on level 5 of the Dungeon.
You worshipped Lugonu.
Lugonu was most pleased with you.
You were hungry.

You visited 1 branch of the dungeon, and saw 5 of its levels.
You visited the Abyss 1 time.

You collected 172 gold pieces.

Inventory:

Hand Weapons
 a - a +1 spear (weapon)
Armour
 h - a +0 hat (worn)
 o - a scarf of resistance (worn)
Jewellery
 g - an uncursed ring of resist corrosion {unknown}
 s - an uncursed ring of attention
 C - a ring of protection from cold (left hand)
Scrolls
 d - 2 scrolls of blinking {unknown}
 e - a scroll of fog
 i - 3 scrolls of identify
 l - 2 scrolls of amnesia
 n - a scroll of immolation {unknown}
 r - a scroll of remove curse
Potions
 c - a potion of curing
 f - a potion of haste
 k - 2 potions of mutation {unknown}
 m - a potion of degeneration {!q!q}
 p - a potion of brilliance
 q - a potion of lignification {!q}
Comestibles
 b - 14 rations


   Skills:
 + Level 4.7 Fighting
 + Level 3.7 Polearms
 + Level 3.6 Dodging
 + Level 3.9 Invocations


You had 5 spell levels left.
You didn't know any spells.
Your spell library contained the following spells:

 Spells                   Type           Power        Failure   Level  Hunger
 Leda's Liquefaction      Hex/Erth       #.........   98%         4    #####..
 Bolt of Magma            Conj/Fire/Erth #.........   100%        5    ######.
 Iron Shot                Conj/Erth      #.........   100%        6    #######
 Statue Form              Tmut/Erth      #........    100%        6    #######
 Shatter                  Erth           #.........   100%        9    #######


Dungeon Overview and Level Annotations

Branches:
Dungeon (5/15)
 Temple: D:4-7

Altars:
Fedhas
Hepliaklqana
Kikubaaqudgha
Qazlal
Ru
Xom
Zin

Shops:
D:4 [

Annotations:
D:4 2 transporters


Innate Abilities, Weirdness & Mutations

Your plain brown scales are hard. (AC +6)
You cannot fit into any form of body armour.
You are cold-blooded and may be slowed by cold attacks.


Message History

You feel your strength returning.
You hear the slow rusting of a very distant drain.
The ogre closely misses you.
The crimson imp blinks!
The ogre hits you with a +0 giant club!!
* * * LOW HITPOINT WARNING * * *
An iguana comes into view.
The scorpion stings you but does no damage.
Evoke which item? (* to show all) (? for menu, Esc to quit)
Okay, then.
Okay, then.
You fade into invisibility!
The sentinel's mark upon you fades away.
The ogre barely misses you. The worker ant bites you.
* * * LOW HITPOINT WARNING * * *
You are very lightly contaminated with residual magic.
Unknown command.
Unknown command.
The shadow imp gestures at you. Pain shoots through your body!
You die...

#.....# #.....####
#####...##..#
#.........lS##
#......s#.##)##
##...##s#al...###
#.....aOr.......#
###...5.S5......#
##....@hZ.l#.....#
#........#.##.....#
##.......#...l......
#...##..###.#......
#..####<# .##.....
##......# . ....#
#....... ..........
......##...


You could see an ogre, 2 scorpions, 2 iguanas, a hound, 2 worker ants, a crimson
imp, an adder, a shadow imp, a howler monkey zombie and a quokka.

Vanquished Creatures
  An ogre (D:4)
  A hound (D:5)
  Ijyb (D:4)
  3 worker ants (D:4)
  A worker ant zombie (D:5)
  4 adders
  A howler monkey skeleton (D:2)
  4 dart slugs (D:1)
  A leopard gecko (D:3)
  3 orcs
  5 giant cockroaches
  9 goblins
  5 hobgoblins
  2 quokkas (D:2)
  3 ball pythons
  5 bats
  4 frilled lizards
  7 kobolds
  A quokka skeleton (D:4)
  6 rats
67 creatures vanquished.

Notes
Turn   | Place    | Note
-------+----------+-------------------------------------------
     0 | Abyss:1  | Aviak the Draconian Abyssal Knight began the quest for the
                  | Orb.
     0 | Abyss:1  | Reached XP level 1. HP: 19/19 MP: 2/2
    50 | D:1      | Escaped the Abyss
   107 | D:1      | Reached XP level 2. HP: 14/26 MP: 3/3
   831 | D:2      | Reached XP level 3. HP: 18/33 MP: 4/4
   962 | D:2      | Found a stormy altar of Qazlal.
  1106 | D:2      | Found a glowing silver altar of Zin.
  1110 | D:2      | Reached ** piety under Lugonu
  1428 | D:2      | Reached XP level 4. HP: 37/40 MP: 6/6
  1792 | D:3      | Found a blossoming altar of Fedhas.
  1953 | D:3      | Reached skill level 4 in Fighting
  2474 | D:4      | Found a hazy altar of Hepliaklqana.
  2474 | D:4      | Found a shimmering altar of Xom.
  2587 | D:4      | Reached XP level 5. HP: 31/46 MP: 7/7
  2605 | D:4      | Found an ancient bone altar of Kikubaaqudgha.
  2605 | D:4      | Noticed Ijyb
  2607 | D:4      | Paralysed by Ijyb for 3 turns
  2612 | D:4      | Paralysed by Ijyb for 6 turns
  2628 | D:4      | Paralysed by Ijyb for 5 turns
  2636 | D:4      | Killed Ijyb
  2654 | D:4      | Found a transporter.
  2696 | D:4      | Found Utayq's Armour Boutique.
  2794 | D:4      | Noticed an ogre
  2810 | D:4      | Killed an ogre
  2810 | D:4      | Reached XP level 6. HP: 33/53 MP: 8/8
  2830 | D:4      | Found a sacrificial altar of Ru.
  2973 | D:4      | Reached *** piety under Lugonu
  3018 | D:4      | Found a transporter.
  3087 | D:5      | Entered Level 5 of the Dungeon
  3199 | D:5      | Killed from afar by a shadow imp

Levels and vault maps discovered:
D:1:      nzn_arrival_water_spiral, layout_loops_ring, supply_closet_lemuel
D:2:      layout_loops_cross, overflow_temple_1_default, kennysheep_donut,
          nicolae_qazlal_general_emergency
D:3:      layout_loops_ring, fedhas_ov_isle_minmay
D:4:      gammafunk_cloud_chamber, layout_loops_ring,
          grunt_temple_overflow_open, first_ration, serial_shops,
          nicolae_shop_statue_plus, nicolae_ru_awakened_eye, uniq_ijyb
D:5:      layout_cave_pools, marbit_many_paths, temple_statues,
          portal_sewer_entry_b

Skill      XL: |  1  2  3  4 |
---------------+-------------+-----
Fighting       | 4 |  4.7
Invocations    | 3 |  3.9
Polearms       | 3 |  3.7
Dodging        | 3 |  3.6

Action                   |  1- 3 |  4- 6 || total
-------------------------+-------+-------++-------
Melee: Spear             |   114 |   180 ||   294
       Tailslap          |     8 |    20 ||    28
  Use: Potion            |       |     7 ||     7
       Scroll            |       |     5 ||     5
 Stab: Sleeping          |     4 |     2 ||     6
       Distracted        |     1 |       ||     1
       Invisible         |       |     1 ||     1
  Eat: Chunk             |     2 |     5 ||     7
Armor: Skin              |    25 |    37 ||    62
Dodge: Dodged            |    46 |   105 ||   151
